 Dungeon Crawl Stone Soup version 0.28-a0-1493-g08698888e4 (webtiles) character file.

Game seed: 10165163407133480217

36 freelancePsychic the Skirmisher (level 3, -5/33 HPs)
             Began as a Minotaur Fighter on Jan 12, 2022.
             Succumbed to a goblin's poison
             ... on level 1 of the Dungeon.
             The game lasted 00:01:11 (656 turns).

freelancePsychic the Skirmisher (Minotaur Fighter)   Turns: 656, Time: 00:01:11

Health: -5/33      AC:  8    Str: 20    XL:     3   Next: 19%
Magic:  2/2        EV:  9    Int:  5    God:
Gold:   41         SH:  4    Dex: 11    Spells: 2/2 levels left

rFire   . . .      SeeInvis .   a - +0 war axe
rCold   . . .      Faith    .   c - +0 buckler
rNeg    . . .      Spirit   .   b - +0 scale mail
rPois   .          Reflect  .   (helmet restricted)
rElec   .          Harm     .   (no cloak)
rCorr   .          Rampage  .   (no gloves)
Will    .....                   f - +0 pair of boots
Stlth   ..........              (no amulet)
HPRegen 0.11/turn               (no ring)
MPRegen 0.08/turn               (no ring)

@: lethally poisoned (-5 -> -31)
A: horns 2, retaliatory headbutt
a: no special abilities


You were on level 1 of the Dungeon.
You visited 1 branch of the dungeon, and saw 1 of its levels.

You collected 41 gold pieces.

Inventory:

Hand Weapons
 a - a +0 war axe (weapon)
Armour
 b - a +0 scale mail (worn)
 c - a +0 buckler (worn)
 f - a +0 pair of boots (worn)
Scrolls
 e - a scroll of fog {unknown}
Potions
 d - a potion of might


   Skills:
 + Level 4.2 Fighting
 * Level 3.9 Axes
 - Level 3.6 Armour
 - Level 3.6 Shields


You had 2 spell levels left.
You didn't know any spells.
Your spell library contained the following spells:

 Spells                   Type           Power      Damage    Failure   Level
 Pain                     Necr           0%         1d4       89%         1
 Agony                    Necr           0%         N/A       100%        5
 Excruciating Wounds      Necr           0%         N/A       100%        5


Dungeon Overview and Level Annotations

Branches:
Dungeon (1/15)

Altars:


Innate Abilities, Weirdness & Mutations

You have a pair of horns on your head.
You reflexively headbutt those who attack you in melee.


Message History

You hit the goblin.
The goblin is severely wounded.
You feel very sick.
The goblin hits you with a +1 whip of venom.
You are more poisoned.
You barely miss the goblin.
The goblin is severely wounded.
You feel very sick. You block the goblin's attack.
You are too injured to fight recklessly!
You are too injured to fight recklessly!
You are too injured to fight recklessly!
You are too injured to fight recklessly!
You are too injured to fight recklessly!
You are too injured to fight recklessly!
You are too injured to fight recklessly!
You are too injured to fight recklessly!
You are too injured to fight recklessly!
You are too injured to fight recklessly!
You are too injured to fight recklessly!
You are too injured to fight recklessly!
You are too injured to fight recklessly!
You are too injured to fight recklessly!
You are too injured to fight recklessly!
You are too injured to fight recklessly!
You closely miss the goblin. Your headbutt misses the goblin.
The goblin is severely wounded.
You feel very sick.
The goblin hits you with a +1 whip of venom.
You are lethally poisoned!
The goblin hits you with a +1 whip of venom.
You are more poisoned.
You barely miss the goblin.
The goblin is severely wounded.
* * * LOW HITPOINT WARNING * * *
You feel extremely sick. The goblin closely misses you.
You barely miss the goblin.
The goblin is severely wounded.
You die...

###### .....# #####
.....# .....#
.....#############.....#
.............).........#
.....#####..))..@......#
#........########g......
#........# #.##.#.
####.....# ..# #
########## ... ... ....
.# ..#. .# )## .#


You could see a goblin.

Vanquished Creatures
  A gnoll (D:1)
  A dart slug (D:1)
  A ball python (D:1)
  2 endoplasms (D:1)
  A giant cockroach (D:1)
  3 goblins (D:1)
  2 hobgoblins (D:1)
  3 bats (D:1)
  A frilled lizard (D:1)
  4 kobolds (D:1)
  3 rats (D:1)
22 creatures vanquished.

Notes
Turn   | Place    | Note
-------+----------+-------------------------------------------
     0 | D:1      | freelancePsychic the Minotaur Fighter began the quest for
                  | the Orb.
     0 | D:1      | Reached XP level 1. HP: 19/19 MP: 0/0
   242 | D:1      | Reached XP level 2. HP: 15/27 MP: 1/1
   498 | D:1      | Reached skill level 4 in Fighting
   544 | D:1      | Reached XP level 3. HP: 29/33 MP: 2/2
   656 | D:1      | Succumbed to a goblin's poison

Illustrated notes

Levels and vault maps discovered:
D:1:      dpeg_arrival_refuge, layout_basic

Skill      XL: |  1  2 |
---------------+-------+-----
Axes           | 3 |  3.9
Fighting       | 4 |  4.2
Armour         | |  3.6
Shields        | |  3.6

Action                   || total
-------------------------++-------
Melee: War axe           ||    55
       Headbutt          ||     9
Armor: Scale mail        ||    32
Dodge: Dodged            ||    22
Block: Buckler           ||    16

Table legend: (Time is in decaauts)
 A = Elapsed time spent in this place.
 B = Non-inter-level travel time spent in this place.
 C = Inter-level travel time spent in this place.
 D = Time resting spent in this place.
 E = Time spent auto-exploring this place.
 F = Levels seen in this place.
 G = Mean time per level.
                   A        B        C        D        E       F      G
               +--------+--------+--------+--------+--------+-----+--------+
         Total |    676 |    676 |      0 |      0 |    536 |   1 |  676.0 |
       Dungeon |    676 |    676 |      0 |      0 |    536 |   1 |  676.0 |
               +--------+--------+--------+--------+--------+-----+--------+

Top non-repeatable levels by time:
     D:1: 676 daAuts
